 Dungeon Crawl Stone Soup version 0.20.0-14-g326068f (webtiles) character file.

3248 Chiseanne the Skirmisher (level 9, 0/69 HPs)
             Began as a Demonspawn Wanderer on June 8, 2017.
             Was a Follower of Vehumet.
             Succumbed to a killer bee's poison
             ... on level 7 of the Dungeon.
             The game lasted 00:21:05 (8723 turns).

Chiseanne the Skirmisher (Demonspawn Wanderer)      Turns: 8723, Time: 00:21:06

Health: 0/69       AC: 15    Str: 17    XL:     9   Next: 67%
Magic:  17/17      EV: 14    Int: 18    God:    Vehumet [*.....]
Gold:   367        SH:  0    Dex: 14    Spells: 16/19 levels left

rFire    + . .     SeeInvis .   g - +1 spear (distort)
rCold    + . .     Gourm    .   (no shield)
rNeg     . . .     Faith    .   a - +3 ring mail
rPois    .         Spirit   +   M - +2 helmet
rElec    .         Reflect  .   y - +0 cloak
rCorr    .         Harm     .   (no gloves)
MR       .....                  (no boots)
Stlth    +.........             A - amulet of magic regeneration
Regen    0.3/turn               H - +2 ring of intelligence
MPRegen  0.3/turn               x - ring of protection from fire

@: mighty, lethally poisoned (0 -> -14)
A: hooves 1, icy blue scales 1, cold resistance 1, magic shield
a: Renounce Religion


You were on level 7 of the Dungeon.
You worshipped Vehumet.
Vehumet was aware of your devotion.
You were hungry.

You visited 1 branch of the dungeon, and saw 8 of its levels.
You also visited: Ossuary.

You collected 381 gold pieces.
You spent 14 gold pieces at shops.

Inventory:

Hand Weapons
 d - a +2 dire flail of protection
 g - a +1 spear of distortion (weapon)
 B - a +0 blowgun
 L - a cursed -2 trident
 Q - a +0 dagger of venom
Missiles
 k - 84 arrows
 l - 173 stones (quivered)
 u - 55 poisoned needles
 D - 5 silver tomahawks
 N - 9 tomahawks
 O - 22 bolts
 R - 19 sling bullets
Armour
 a - a +3 ring mail (worn)
 y - a +0 cloak (worn)
 M - a +2 helmet (worn)
Jewellery
 j - an uncursed ring of ice
 x - a ring of protection from fire (right hand)
 A - an amulet of magic regeneration (around neck)
 G - an uncursed ring of wizardry {unknown}
 H - a +2 ring of intelligence (left hand)
 U - an uncursed ring of see invisible {unknown}
Wands
 W - a wand of disintegration (19/24)
 Z - a wand of acid (0/15)
Scrolls
 e - a scroll of identify
 h - 2 scrolls of fear
 w - 8 scrolls of teleportation
 C - 3 scrolls of recharging
 E - 2 scrolls of amnesia
 I - 3 scrolls of remove curse
 T - a scroll of fog
 X - 3 scrolls of enchant armour
Potions
 i - 2 potions of might
 m - a potion of magic
 o - 2 potions of invisibility
 p - 2 potions of haste {unknown}
 s - 3 potions of brilliance
 t - 2 potions of agility
 z - 3 potions of cancellation {unknown}
 F - a potion of heal wounds {unknown}
 J - 4 potions of flight
 P - a potion of mutation {unknown}
 S - a potion of berserk rage {unknown}
 V - 2 potions of resistance {unknown}
Books
 b - the Handbook of Stones

   Spells                             Type                      Level
   a - Sandblast                      Earth                        1
   b - Stone Arrow                    Conjuration/Earth            3
 c - Xeqitz's Incunabulum of Orientation

   Spells                             Type                      Level
   a - Apportation                    Translocation                1
   b - Recall                         Summoning/Translocation      3
 r - a book of Frost

   Spells                             Type                      Level
   a - Freeze                         Ice                          1
   b - Throw Frost                    Conjuration/Ice              2
   c - Ozocubu's Armour               Charms/Ice                   3
   d - Throw Icicle                   Conjuration/Ice              4
   e - Summon Ice Beast               Ice/Summoning                4
Comestibles
 f - 6 bread rations
 n - 6 meat rations
 q - 4 royal jellies
 K - 5 fruits


   Skills:
 * Level 6.1 Fighting
 - Level 1.7 Maces & Flails
 - Level 1.0 Throwing
 * Level 6.0 Armour
 * Level 5.6 Dodging
 - Level 1.0 Stealth
 * Level 5.5 Spellcasting
 * Level 5.6 Conjurations
   Level 1.7 Translocations


You had 16 spell levels left.
You knew the following spells:

 Your Spells              Type           Power        Failure   Level  Hunger
a - Throw Frost           Conj/Ice       ###...       10%         2    #......
b - Shock                 Conj/Air       ###.         7%          1    None


Dungeon Overview and Level Annotations

Branches:
Dungeon (8/15)             Temple (0/1) D:7
   Lair: D:8-11

Altars:
Ashenzari
Cheibriados
Elyvilon
Gozag
Hepliaklqana
Nemelex Xobeh
Okawaru
Ru
Sif Muna
Trog
Uskayaw
Vehumet
Xom
Yredelemnul
Zin

Shops:
D:5 *(?%[   D:7 !%*

Annotations:
D:6 Crazy Yiuf
Abyss:1 Eustachio


Innate Abilities, Weirdness & Mutations

You have large cloven feet.
You are partially covered in icy blue scales. (AC +2)
Your flesh is cold resistant. (rC+)
When hurt, damage is shared between your health and your magic reserves.


Message History

The killer bee stings you but does no damage.
You miss the killer bee.
The killer bee is almost dead.
You feel sick.
The killer bee stings you but does no damage. x2
The killer bee stings you.
* * * LOW HITPOINT WARNING * * *
You are more poisoned.
The killer bee poisons you! The killer bee stings you.
* * * LOW HITPOINT WARNING * * *
You are more poisoned.
The killer bee poisons you! The killer bee barely misses you.
It was a potion of might.
You feel very mighty all of a sudden.
* * * LOW HITPOINT WARNING * * *
You feel sick. The killer bee barely misses you.
The killer bee closely misses you.
The killer bee stings you but does no damage. x2
It was a potion of magic.
Magic courses through your body.
You die...

##.#############.##
..................#
##.#...############
.......#.........#
##.#.#.#.....###.#
.......#.P.P.# #.#
##.#...#ยง._..# #.#
#.#...#.....# #y#
#.#.###.....# #@#
#.#......#### #y#
#.#############.##
#.........<......#
##################


You could see 2 killer bees.

Vanquished Creatures
  Grinder (D:6)
  The ghost of loom the Cudgeler, an amateur GrBe of Trog (Ossuary)
  A steam dragon (D:7)
  Edmund (D:6)
  A sky beast (D:5)
  A necrophage (D:7)
  An ice beast (D:6)
  An ogre (D:6)
  A centaur (D:5)
  A crocodile (D:6)
  Blork the orc (D:6)
  2 bullfrogs
  A water moccasin zombie (Ossuary)
  A scorpion (D:5)
  10 killer bees
  A wight (D:6)
  2 howler monkeys
  2 crimson imps
  A hound (D:4)
  A centaur zombie (D:6)
  2 orc priests
  An orc wizard (D:4)
  2 iguanas
  Jessica (D:2)
  4 worker ants
  11 gnolls
  6 adders
  An ooze (D:4)
  An adder skeleton (D:6)
  6 adder zombies (Ossuary)
  3 worms
  2 dart slugs (D:1)
  4 leopard geckos
  29 orcs
  7 giant cockroaches
  3 gnoll zombies (Ossuary)
  11 goblins
  10 hobgoblins
  3 jackals (D:7)
  13 kobolds
  A quokka (D:6)
  A ball python (D:2)
  10 bats
  9 frilled lizards
  7 hobgoblin zombies (Ossuary)
  A jackal zombie (D:7)
  7 kobold zombies
  2 leopard gecko skeletons (D:4)
  5 orc zombies
  A quokka skeleton (D:4)
  11 rats
207 creatures vanquished.

Vanquished Creatures (others)
  An eye of draining (D:4)
  2 black bears (D:7)
  A sky beast (D:7)
  A wyvern zombie (D:6)
  A hound (D:7)
  A gnoll shaman (D:7)
  An orc wizard (D:3)
  A worker ant (D:7)
  2 mummies
  A howler monkey skeleton (D:6)
  A dart slug (D:2)
  An orc (D:8)
  4 hobgoblins
  A bat (D:2)
  A hobgoblin zombie (Ossuary)
  2 kobold zombies (Ossuary)
  An orc zombie (Ossuary)
23 creatures vanquished.

Grand Total: 230 creatures vanquished

Notes
Turn   | Place    | Note
-------+----------+-------------------------------------------
     0 | D:1      | Chiseanne the Demonspawn Wanderer began the quest for the Orb.
     0 | D:1      | Chiseanne set off with: a +2 scale mail, the Handbook of Stones, Xeqitz's Incunabulum of Orientation, a +0 dagger, a bread ration
     0 | D:1      | Reached XP level 1. HP: 15/15 MP: 2/2
     0 | D:1      | Identified the Handbook of Stones
     0 | D:1      | Identified Xeqitz's Incunabulum of Orientation
   157 | D:1      | Gained mutation: You have large cloven feet. [demonic ancestry]
   157 | D:1      | Reached XP level 2. HP: 21/21 MP: 3/3
   458 | D:1      | Gained mutation: When hurt, damage is shared between your health and your magic reserves. [demonic ancestry]
   458 | D:1      | Reached XP level 3. HP: 27/27 MP: 5/5
   473 | D:1      | Reached skill level 1 in Dodging
  1104 | D:2      | Gained mutation: Your flesh is cold resistant. (rC+) [demonic ancestry]
  1104 | D:2      | Reached XP level 4. HP: 33/33 MP: 6/6
  1242 | D:2      | Noticed Jessica
  1249 | D:2      | Killed Jessica
  1490 | D:3      | Found a glowing silver altar of Zin.
  1501 | D:3      | Noticed an angel
  1556 | D:3      | Found a shimmering altar of Xom.
  1611 | D:3      | Reached XP level 5. HP: 39/39 MP: 8/8
  2677 | D:4      | Found a glowing silver altar of Zin.
  2701 | D:4      | Noticed an eye of draining
  2704 | D:4      | Banished an eye of draining
  2704 | D:4      | Reached XP level 6. HP: 46/46 MP: 1/9
  2998 | D:4      | Learned a level 2 spell: Throw Frost
  3460 | D:4      | Found a snail-covered altar of Cheibriados.
  3460 | D:4      | Found a white marble altar of Elyvilon.
  3460 | D:4      | Found a shattered altar of Ashenzari.
  3537 | D:5      | Entered Level 5 of the Dungeon
  3539 | D:5      | Found Doenywod's Weapon Shoppe.
  3556 | D:5      | Noticed a sky beast
  3561 | D:5      | Killed a sky beast
  3561 | D:5      | Reached skill level 1 in Conjurations
  3561 | D:5      | Gained mutation: You are partially covered in icy blue scales. (AC +2) [demonic ancestry]
  3561 | D:5      | Reached XP level 7. HP: 46/52 MP: 9/11
  3931 | D:5      | Found Kuiloe's Food Emporium.
  3964 | D:5      | Found Paej's Magic Scroll Boutique.
  3972 | D:5      | Bought a scroll of noise for 14 gold pieces
  4031 | D:5      | Found King's Armour Shop.
  4443 | D:5      | Found Faixuosu's General Store.
  4719 | D:6      | Noticed Blork the orc
  4724 | D:6      | Killed Blork the orc
  4761 | D:6      | Found a runed door.
  4913 | D:6      | Noticed Eustachio
  5111 | D:6      | Reached XP level 8. HP: 60/60 MP: 13/13
  5171 | D:6      | Noticed Grinder
  5173 | D:6      | Paralysed by Grinder for 7 turns
  5200 | D:6      | Killed Grinder
  5216 | D:6      | Found a sand-covered staircase.
  5224 | Ossuary  | Entered an ossuary
  5294 | Ossuary  | Noticed loom's ghost (amateur GrBe)
  5328 | Ossuary  | Killed loom's ghost
  5624 | D:6      | Noticed Edmund
  5796 | D:6      | Reached skill level 5 in Armour
  5844 | D:6      | Banished Eustachio
  5844 | D:6      | Reached skill level 5 in Fighting
  5968 | D:6      | Noticed Crazy Yiuf
  6087 | D:7      | Found a radiant altar of Vehumet.
  6087 | D:7      | Found a deep blue altar of Sif Muna.
  6088 | D:7      | Found a basalt altar of Yredelemnul.
  6088 | D:7      | Found a hide-covered altar of Uskayaw.
  6089 | D:7      | Found an iron altar of Okawaru.
  6089 | D:7      | Found an opulent altar of Gozag.
  6784 | D:6      | Reached XP level 9. HP: 63/68 MP: 13/16
  6887 | D:7      | Found a sparkling altar of Nemelex Xobeh.
  6887 | D:7      | Found a sacrificial altar of Ru.
  6888 | D:7      | Found an iron altar of Okawaru.
  6888 | D:7      | Found a basalt altar of Yredelemnul.
  6889 | D:7      | Found a sacrificial altar of Ru.
  6889 | D:7      | Found a sparkling altar of Nemelex Xobeh.
  6897 | D:7      | Found a staircase to the Ecumenical Temple.
  6901 | D:7      | Became a worshipper of Vehumet
  6921 | D:7      | Found Dicemiro's Assorted Antiques.
  6953 | D:7      | Reached skill level 5 in Dodging
  7113 | D:7      | Found a bloodstained altar of Trog.
  7252 | D:7      | Reached skill level 5 in Spellcasting
  7280 | D:7      | Found a hazy altar of Hepliaklqana.
  7383 | D:7      | Reached skill level 5 in Conjurations
  7485 | D:6      | HP: 2/69 [killer bee (4)]
  7606 | D:6      | Killed Edmund
  8126 | D:7      | Reached * piety under Vehumet
  8126 | D:7      | Offered knowledge of Shock by Vehumet.
  8132 | D:7      | Learned a level 1 spell: Shock
  8289 | D:7      | Found Asangyuv's Food Emporium.
  8289 | D:7      | Found a basalt altar of Yredelemnul.
  8291 | D:7      | Found a sparkling altar of Nemelex Xobeh.
  8363 | D:7      | Found Dicaukaz's Distillery.
  8583 | D:8      | Found an opulent altar of Gozag.
  8721 | D:7      | HP: 3/69 [killer bee (2)]
  8723 | D:7      | Succumbed to a killer bee's poison

Skill      XL: |  1  2  3  4  5  6  7  8  9 |
---------------+----------------------------+-----
Armour         | 2 3 4 5 6 |  6.0
Dodging        | 1 2 3 4 5 |  5.6
Fighting       | 2 3 4 5 6 |  6.1
Spellcasting   | 2 3 4 5 |  5.5
Conjurations   | 1 3 4 5 |  5.6
Maces & Flails | |  1.7
Throwing       | |  1.0
Stealth        | |  1.0
Translocations | |  1.7

Action                   |  1- 3 |  4- 6 |  7- 9 || total
-------------------------+-------+-------+-------++-------
Melee: Spear             |   101 |   228 |   588 ||   917
       Dagger            |     8 |       |       ||     8
       Hand axe          |     8 |       |       ||     8
       Kick              |     7 |    44 |   112 ||   163
Evoke: Wand              |       |       |     4 ||     4
  Use: Scroll            |     5 |     5 |     7 ||    17
       Potion            |       |       |    10 ||    10
  Eat: Chunk             |       |     9 |    14 ||    23
       Fruit             |       |       |     3 ||     3
Armor: Scale mail        |    53 |    94 |   257 ||   404
       Ring mail         |       |       |    48 ||    48
Dodge: Dodged            |    47 |    80 |   386 ||   513
